 Dungeon Crawl Stone Soup version 0.23.0 (webtiles) character file.

Game seed: 1473179244056676662

129 MalarOregon the Poker (level 5, -4/41 HPs)
             Began as a Merfolk Gladiator on Feb 12, 2019.
             Slain by Grinder (5 damage)
             ... on level 3 of the Dungeon.
             The game lasted 00:03:45 (1685 turns).

MalarOregon the Poker (Merfolk Gladiator)           Turns: 1685, Time: 00:03:46

Health: -4/41      AC:  7    Str: 16    XL:     5   Next: 12%
Magic:  5/5        EV: 12    Int:  7    God:
Gold:   168        SH:  0    Dex: 15    Spells: 4/4 levels left

rFire    . . .     SeeInvis +   a - +0 trident
rCold    + . .     Gourm    .   (no shield)
rNeg     . . .     Faith    .   r - +0 scale mail
rPois    .         Spirit   .   c - +0 helmet
rElec    .         Reflect  .   (no cloak)
rCorr    .         Harm     .   (no gloves)
MR       .....                  (no boots)
Stlth    ..........             (no amulet)
HPRegen  0.13/turn              o - ring of protection from cold
MPRegen  0.09/turn              z - ring of see invisible

@: no status effects
A: change form in water, swift swim, stealthy swim
a: no special abilities


You were on level 3 of the Dungeon.
You were not hungry.

You visited 1 branch of the dungeon, and saw 3 of its levels.

You collected 168 gold pieces.

Inventory:

Hand Weapons
 a - a +0 trident (weapon)
Missiles
 d - 3 throwing nets (quivered) {!f}
 h - 7 tomahawks
 i - 58 stones
 m - 8 poisoned needles
Armour
 c - a +0 helmet (worn)
 r - a +0 scale mail (worn)
   (You found it on level 2 of the Dungeon)
Jewellery
 o - a ring of protection from cold (left hand)
   (You found it on level 1 of the Dungeon)
 z - a ring of see invisible (right hand)
   (You found it on level 2 of the Dungeon)
Scrolls
 g - a scroll of fog
 n - 2 scrolls of identify {@r1}
Comestibles
 b - 21 chunks of flesh
 e - 2 rations {!d}


   Skills:
 + Level 3.3 Fighting
 + Level 5.6 Polearms
 + Level 3.0 Throwing
 + Level 0.2 Armour
 + Level 5.0 Dodging


You had 4 spell levels left.
You didn't know any spells.
Your spell library was empty.

Dungeon Overview and Level Annotations

Branches:
Dungeon (3/15)

Altars:
Cheibriados
Makhleb
Zin

Annotations:
D:3 Grinder


Message History

You reach to attack!
You hit Grinder. You puncture Grinder! Grinder hits you but does no damage.
You puncture Grinder! Grinder hits you but does no damage.
You closely miss Grinder.
Grinder says, "What is the universe for?"
Grinder hits you!
You writhe in agony.
* * * LOW HITPOINT WARNING * * *
You closely miss Grinder.
Grinder says, "Mostly I couldn't keep them alive."
Grinder hits you but does no damage.
You hit Grinder.
Grinder says, "You look like you could use a good racking."
Grinder barely misses you.
You closely miss Grinder. Grinder barely misses you.
You barely miss Grinder. Grinder hits you.
* * * LOW HITPOINT WARNING * * *
You writhe in agony.
* * * LOW HITPOINT WARNING * * *
You closely miss Grinder. Grinder closely misses you.
Your scale mail prevents you from hitting Grinder.
Grinder barely misses you.
You barely miss Grinder. Grinder hits you!
* * * LOW HITPOINT WARNING * * *
Okay, then.
You feel better. Grinder hits you.
* * * LOW HITPOINT WARNING * * *
You writhe in agony.
* * * LOW HITPOINT WARNING * * *
You feel better. Grinder closely misses you.
You feel better. Grinder gestures at you. Pain shoots through your body!
* * * LOW HITPOINT WARNING * * *
You barely miss Grinder. Grinder completely misses you.
You closely miss Grinder. Grinder hits you but does no damage.
You closely miss Grinder. Grinder gestures at you.
Pain shoots through your body!
* * * LOW HITPOINT WARNING * * *
You barely miss Grinder. Grinder hits you.
* * * LOW HITPOINT WARNING * * *
You closely miss Grinder. Grinder closely misses you.
You aren't carrying any potions.
Okay, then.
You hit Grinder but do no damage.
Grinder says, "Wait up."
Grinder hits you.
* * * LOW HITPOINT WARNING * * *
You writhe in agony.
You die...

#..# #..# #..# ##..#
#..# #..# .5.
#..###..## #.#
#......... #.#
##.###..#. #.#
##........ #.#
#<........
#.#########.#######)
#.5@........# #<
############# #. #.
.. ##


You could see Grinder.

Vanquished Creatures
  Jessica (D:2)
  Robin (D:2)
  2 adders
  A worm (D:3)
  A dart slug (D:2)
  4 leopard geckos
  3 ball pythons
  2 giant cockroaches (D:2)
  14 hobgoblins
  6 kobolds
  7 bats
  4 frilled lizards
  12 goblins
  5 rats
63 creatures vanquished.

Notes
Turn   | Place    | Note
-------+----------+-------------------------------------------
     0 | D:1      | MalarOregon the Merfolk Gladiator began the quest for the
                  | Orb.
     0 | D:1      | Reached XP level 1. HP: 16/16 MP: 1/1
    36 | D:1      | Reached XP level 2. HP: 3/23 MP: 2/2
   427 | D:1      | Reached XP level 3. HP: 24/28 MP: 3/3
   655 | D:1      | Found a burning altar of Makhleb.
   982 | D:2      | Reached skill level 5 in Polearms
  1092 | D:2      | Reached XP level 4. HP: 32/34 MP: 4/4
  1220 | D:2      | Noticed Jessica
  1229 | D:2      | Killed Jessica
  1238 | D:2      | Found a burning altar of Makhleb.
  1240 | D:2      | Found a glowing silver altar of Zin.
  1240 | D:2      | Noticed a green death
  1240 | D:2      | Noticed an angel
  1371 | D:2      | Found a snail-covered altar of Cheibriados.
  1473 | D:3      | Noticed Robin
  1499 | D:2      | Killed Robin
  1499 | D:2      | Reached XP level 5. HP: 28/41 MP: 5/5
  1616 | D:3      | Reached skill level 5 in Dodging
  1647 | D:3      | Noticed Grinder
  1658 | D:3      | Paralysed by Grinder for 4 turns
  1685 | D:3      | HP: 1/41 [Grinder (6)]
  1685 | D:3      | Slain by Grinder

Skill      XL: |  1  2  3  4  5 |
---------------+----------------+-----
Polearms       | 5 |  5.6
Fighting       | 3 |  3.3
Throwing       | 3 |  3.0
Dodging        | 5 |  5.0
Armour         | |  0.2

Action                   |  1- 3 |  4- 6 || total
-------------------------+-------+-------++-------
Melee: Trident           |   118 |    92 ||   210
  Use: Scroll            |       |     6 ||     6
       Potion            |       |     3 ||     3
 Stab: Sleeping          |     2 |       ||     2
  Eat: Chunk             |     1 |     2 ||     3
Armor: Leather armour    |    21 |     1 ||    22
       Scale mail        |       |    20 ||    20
Dodge: Dodged            |    66 |    36 ||   102
